 Dungeon Crawl Stone Soup version 0.30-a0-709-gcdc1b43e22 (webtiles) character file.

Game seed: 1241371819538274529

13512 CoinPitGoblin the Convoker (level 12, -20/83 HPs)
             Began as a Barachi Summoner on Jan 21, 2023.
             Was an Initiate of Gozag.
             Demolished by a titanic slime creature (103 damage)
             ... on level 12 of the Dungeon on Jan 22, 2023.
             The game lasted 00:44:53 (13850 turns).

CoinPitGoblin the Convoker (Barachi Summoner)      Turns: 13850, Time: 00:44:53

Health: -20/83     AC:  7    Str: 10    XL:     12   Next: 6%
Magic:  14/29      EV: 15    Int: 24    God:    Gozag
Gold:   871        SH:  0    Dex: 24    Spells: 18/37 levels left

rFire   . . .      SeeInvis .    y - +8 whip of the Endless March {freeze, rCorr Dex+4}
rCold   . . .      Faith    .    (no shield)
rNeg    . . .      Spirit   .    C - +1 robe of Abbaygg {rElec Int+2}
rPois   .          Reflect  .    I - +0 helmet {Int+3}
rElec   +          Harm     .    v - +0 cloak
rCorr   +          Rampage  .    B - +0 pair of gloves
Will    .....                    z - +0 pair of boots
Stlth   ++                       G - amulet of Vitality {RegenMP++ Regen++}
HPRegen 1.93/turn                q - +6 ring of dexterity
MPRegen 1.01/turn                m - ring of wizardry

@: slow
A: amphibious, slowness 1, strong legs 1, +LOS
a: Hop, Renounce Religion, Potion Petition, Call Merchant, Bribe Branch


You were on level 12 of the Dungeon.
You worshipped Gozag.
Gozag was pleased with you.
You visited 3 branches of the dungeon, and saw 14 of its levels.

You collected 2062 gold pieces.
You spent 1100 gold pieces at shops.
You paid 91 gold pieces to Gozag.

Inventory:

Hand Weapons
 n - a +1 heavy long sword
 y - the +8 whip of the Endless March (weapon) {freeze, rCorr Dex+4}
   (You found it on level 7 of the Dungeon)

   Dex:       It affects your dexterity (+4).
   rCorr:     It protects you from acid and corrosion.
 E - a +2 heavy long sword
Armour
 h - a +0 kite shield
 v - a +0 cloak (worn)
 z - a +0 pair of boots (worn)
 B - a +0 pair of gloves (worn)
 C - the +1 robe of Abbaygg (worn) {rElec Int+2}
   (You found it on level 11 of the Dungeon)

   Int:       It affects your intelligence (+2).
   rElec:     It insulates you from electricity.
 H - a +2 buckler of positive energy
 I - a +0 helmet of intelligence (worn)
Jewellery
 i - a +4 ring of slaying
 m - a ring of wizardry (right hand)
 q - a +6 ring of dexterity (left hand)
 w - a ring of ice
 F - a ring of magical power
 G - the amulet of Vitality (around neck) {RegenMP++ Regen++}
   (You bought it in a shop on level 5 of the Dungeon)

   [amulet of magic regeneration]

   It increases your rate of magic regeneration.
   Regen:     It increases your rate of health regeneration.
Wands
 s - a wand of flame (25)
 x - a wand of iceblast (3)
 J - a wand of quicksilver (2)
Scrolls
 d - 7 scrolls of teleportation
 g - 2 scrolls of enchant weapon
 p - 2 scrolls of fear
 A - a scroll of fog
 D - 2 scrolls of silence
Potions
 a - a potion of invisibility {unknown}
 b - a potion of magic
 c - 4 potions of haste
 e - a potion of cancellation
 f - 2 potions of ambrosia {unknown}
 j - 4 potions of curing
 k - 3 potions of flight
 l - a potion of lignification {unknown}
 o - 2 potions of mutation
 r - a potion of berserk rage {unknown}
 t - 2 potions of resistance
 u - 2 potions of might


   Skills:
 + Level 4.1 Fighting
 + Level 4.4 Dodging
 - Level 1.7 Stealth
 + Level 13.3 Spellcasting
 + Level 15.7 Summonings


You had 18 spell levels left.
You knew the following spells:

 Your Spells              Type           Power      Damage    Failure   Level
a - Summon Lightning Spi  Summ/Air       52%        N/A       1%          4
e - Call Imp              Summ           75%        N/A       0%          2
q - Summon Hydra          Summ           37%        N/A       1%          7
w - Call Canine Familiar  Summ           75%        N/A       0%          3
z - Summon Guardian Gole  Hex/Summ       52%        N/A       1%          3

Your spell library contained the following spells:

 Spells                   Type           Power      Damage    Failure   Level
 Summon Small Mammal      Summ           100%       N/A       0%          1
 Sting                    Tmut/Pois      64%        1d6       1%          1
 Cigotuvi's Dreadful Rot  Necr/Pois/Air  32%        N/A       2%          2
 Poisonous Vapours        Pois/Air       32%        N/A       2%          2
 Sublimation of Blood     Necr           16%        N/A       2%          2
 Wereblood                Tmut           16%        N/A       2%          2
 Ignite Poison            Fire/Tmut/Pois 16%        N/A       4%          3
 Mephitic Cloud           Conj/Pois/Air  16%        N/A       4%          3
 Ozocubu's Armour         Ice            16%        N/A       4%          3
 Olgreb's Toxic Radiance  Pois           16%        N/A       16%         4
 Passage of Golubria      Tloc           16%        N/A       16%         4
 Sticky Flame             Conj/Fire      16%        2d4       16%         4
 Metabolic Englaciation   Hex/Ice        8%         N/A       38%         5
 Silence                  Hex/Air        8%         N/A       38%         5
 Ignition                 Fire           8%         3d5       100%        8
 Lehudib's Crystal Spear  Conj/Erth      8%         10d3      100%        8
 Simulacrum               Ice/Necr       Unusable   N/A       N/A         6

Dungeon Overview and Level Annotations

Branches:
Dungeon (12/15)            Temple (1/1) D:5            Lair (0/5) D:9
    Orc (1/2) D:9

Altars:
Ashenzari
Cheibriados
Dithmenos
Elyvilon
Fedhas
Gozag
Hepliaklqana
Kikubaaqudgha
Makhleb
Nemelex Xobeh
Okawaru
Qazlal
Ru
Sif Muna
Trog
Uskayaw
Vehumet
Wu Jian
Xom
Yredelemnul
Zin
The Shining One

Shops:
D:5 =


Innate Abilities, Weirdness & Mutations

You are amphibious.
You cover ground slowly.
You can hop short distances.
You have an extended range of vision and can be seen from far away.


Message History

Two slime creatures merge to form a titanic slime creature.
The titanic slime creature hits your guardian golem!!!
Your guardian golem is destroyed!
Your guardian golem disappears in a puff of smoke!
Casting: Summon Guardian Golem (safe; 1% risk of failure)
Confirm with . or Enter, or press ? or * to list all spells.
A six-headed hydra appears.
You swap places.
Casting: Summon Hydra (dangerous; 1% risk of failure)
Confirm with . or Enter, or press ? or * to list all spells.
A four-headed hydra appears.
Your six-headed hydra completely misses the titanic slime creature.
Your six-headed hydra barely misses the titanic slime creature. x3
Your six-headed hydra bites the titanic slime creature. x2
The titanic slime creature hits your six-headed hydra!!!!
Your six-headed hydra dies!
Your six-headed hydra's corpse disappears in a puff of smoke!
Casting: Summon Hydra (dangerous; 1% risk of failure)
Confirm with . or Enter, or press ? or * to list all spells.
A four-headed hydra appears.
You swap places.
Your four-headed hydra bites the titanic slime creature! x3
Your four-headed hydra bites the titanic slime creature.
Your four-headed hydra bites the titanic slime creature. x2
Your four-headed hydra bites the titanic slime creature! x2
Your four-headed hydra bites the titanic slime creature. x2
Your four-headed hydra bites the titanic slime creature! x3
Your four-headed hydra bites the titanic slime creature.
Your four-headed hydra bites the titanic slime creature! x2
Casting: Summon Hydra (dangerous; 1% risk of failure)
Confirm with . or Enter, or press ? or * to list all spells.
A guardian golem appears, shielding your allies.
Your four-headed hydra barely misses the titanic slime creature.
Your four-headed hydra bites the titanic slime creature! x2
Your four-headed hydra bites the titanic slime creature.
The titanic slime creature attacks as you move away!
The titanic slime creature hits you!!!!
Ouch! That really hurt!
You die...
Your body crumbles into a pile of gold.

.......# ######.#
#.# ### #.# ##.##
#)# ##.#.##
######.#####
##.###.##
#..........#####.##
##.##
#.##.#.#.#....9.##
##.#
.......>...#####@##
##.## #.##.....###
##J###.## # ##...##
#DD#.## ##.##
#...## ...# ##.##
###.# #.# #+# #.#
#.# # #.#


You could see a titanic slime creature (ally target), 2 friendly four-headed
hydras and a friendly guardian golem (summoned).

Vanquished Creatures
  A dream sheep (D:8)
  2 yaks
  An ice beast (D:6)
  A phantom (D:7)
  2 scorpions
  A howler monkey (D:8)
  An orc priest (D:10)
  4 hounds
  3 iguanas
  An orc wizard (D:9)
  A gnoll (D:3)
  2 adders
  A dart slug (D:1)
  4 orcs
  4 endoplasms
  3 hobgoblins
  6 jackals
  3 kobolds
  2 quokkas (D:2)
  4 ball pythons
  A bat (D:2)
  3 frilled lizards
  2 goblins
  5 rats
58 creatures vanquished.

Vanquished Creatures (collateral kills)
  A hydra (D:8)
  A two-headed ogre (D:11)
  A cyclops (D:11)
  2 trolls
  A dream sheep (D:8)
  Sigmund (D:5)
  A wraith (D:11)
  2 shadows
  A spriggan (D:9)
  2 wyverns
  8 yaks (D:9)
  6 vampire mosquitoes (D:11)
  2 water moccasins
  5 orc warriors
  2 black bears
  3 sky beasts
  An ice beast (D:7)
  An ogre (D:7)
  A bullfrog (D:7)
  A gnoll sergeant (D:11)
  6 kobold brigands
  2 necrophages
  3 scorpions
  3 wights (D:7)
  9 killer bees
  5 howler monkeys
  5 hounds
  11 orc priests
  2 jellies
  An iguana (D:5)
  9 orc wizards
  2 gnolls (D:3)
  8 adders
  2 shadow imps
  2 white imps
  An ufetubus (D:5)
  2 worms
  A dart slug (D:1)
  39 orcs
  5 endoplasms
  2 giant cockroaches
  2 goblins
  4 hobgoblins
  7 jackals
  3 quokkas
  3 ball pythons
  2 frilled lizards
  13 kobolds
  5 rats
202 creatures vanquished.

Vanquished Creatures (others)
  2 two-headed ogres (D:12)
  Amaemon (D:8)
  An orange demon (D:8)
  A troll (D:12)
  A hornet (D:8)
  4 yaks
  A black bear (D:4)
  3 orc warriors
  An orc priest (D:10)
  An iguana (D:4)
  4 orcs
  5 plants (D:8)
25 creatures vanquished.

Grand Total: 285 creatures vanquished

Notes
Turn   | Place    | Note
-------+----------+-------------------------------------------
     0 | D:1      | CoinPitGoblin the Barachi Summoner began the quest for the
                  | Orb.
     0 | D:1      | Reached XP level 1. HP: 13/13 MP: 3/3
   191 | D:1      | Reached skill level 5 in Summonings
   201 | D:1      | Reached XP level 2. HP: 10/19 MP: 0/5
   401 | D:1      | Learned a level 2 spell: Call Imp
   698 | D:1      | Reached XP level 3. HP: 23/24 MP: 4/7
  1599 | D:2      | Reached XP level 4. HP: 18/31 MP: 5/9
  2232 | D:2      | Learned a level 3 spell: Summon Guardian Golem
  2237 | D:2      | Learned a level 3 spell: Call Canine Familiar
  2562 | D:3      | Reached skill level 1 in Fighting
  2562 | D:3      | Reached skill level 6 in Summonings
  2562 | D:3      | Reached XP level 5. HP: 34/37 MP: 4/10
  3178 | D:3      | You fall into a shaft and drop 1 floor!
  3323 | D:4      | Found a radiant altar of Vehumet.
  3353 | D:4      | Reached XP level 6. HP: 17/43 MP: 7/12
  3677 | D:4      | Noticed a black bear
  3687 | D:4      | Killed a black bear
  3688 | D:4      | Reached skill level 5 in Spellcasting
  3688 | D:4      | Reached skill level 7 in Summonings
  3877 | D:4      | Noticed a black bear
  3891 | D:4      | Killed a black bear
  3892 | D:4      | Reached XP level 7. HP: 48/48 MP: 11/15
  4292 | D:5      | Entered Level 5 of the Dungeon
  4309 | D:5      | Found Hanwesm's Jewellery Shop.
  4413 | D:5      | Found a staircase to the Ecumenical Temple.
  4422 | Temple   | Entered the Ecumenical Temple
  4505 | Temple   | Became a worshipper of Gozag Ym Sagoz the Greedy
  4677 | D:5      | Found a blossoming altar of Fedhas.
  4724 | D:5      | Reached skill level 8 in Summonings
  4823 | D:5      | Noticed Sigmund
  4831 | D:5      | Killed Sigmund
  4832 | D:5      | Reached XP level 8. HP: 52/56 MP: 16/18
  5204 | D:5      | Found a stormy altar of Qazlal.
  6096 | D:6      | Reached skill level 9 in Summonings
  6430 | D:6      | Reached XP level 9. HP: 62/62 MP: 14/21
  6763 | D:7      | Reached skill level 10 in Summonings
  7073 | D:7      | Learned a level 4 spell: Summon Lightning Spire
  7147 | D:7      | Identified the +8 whip of the Endless March {freeze, rCorr
                  | Dex+4}
  7613 | D:7      | Found a sparkling altar of Nemelex Xobeh.
  8047 | D:8      | Reached skill level 11 in Summonings
  8070 | D:8      | Noticed Amaemon
  8075 | D:8      | Noticed an orange demon
  8097 | D:8      | Killed Amaemon
  8098 | D:8      | Reached XP level 10. HP: 70/70 MP: 11/23
  8112 | D:8      | Killed an orange demon
  8113 | D:8      | Reached skill level 10 in Spellcasting
  8225 | D:8      | Found a hazy altar of Hepliaklqana.
  8240 | D:8      | Learned a level 7 spell: Summon Hydra
  8415 | D:8      | Reached skill level 12 in Summonings
  8863 | D:8      | HP: 3/70 [asphyx]
  8988 | D:8      | Noticed a three-headed hydra
  8994 | D:8      | Killed a three-headed hydra
  9153 | D:8      | Upgraded the game from 0.30-a0-702-gdf48620a09 to
                  | 0.30-a0-709-gcdc1b43e22
  9537 | D:9      | Found a staircase to the Orcish Mines.
  9557 | D:9      | Reached skill level 13 in Summonings
  9828 | D:9      | Reached XP level 11. HP: 58/76 MP: 14/26
 10505 | D:9      | Found a staircase to the Lair.
 10547 | D:9      | Found a shimmering altar of Xom.
 10859 | D:5      | Bought the amulet of Vitality {RegenMP++ Regen++} for 1100
                  | gold pieces
 10859 | D:5      | Found the amulet of Vitality {RegenMP++ Regen++}
 11065 | D:10     | Entered Level 10 of the Dungeon
 11232 | D:9      | Reached skill level 14 in Summonings
 11384 | Orc:1    | Entered Level 1 of the Orcish Mines
 12493 | D:11     | Identified the +1 robe of Abbaygg {rElec Int+2}
 12549 | D:11     | Noticed a two-headed ogre
 12564 | D:11     | Killed a two-headed ogre
 12825 | D:11     | Reached skill level 15 in Summonings
 12967 | D:11     | Noticed a cyclops
 12974 | D:11     | Killed a cyclops
 13516 | D:12     | Noticed a two-headed ogre
 13521 | D:12     | Killed a two-headed ogre
 13694 | D:12     | Noticed a two-headed ogre
 13700 | D:12     | Reached XP level 12. HP: 83/83 MP: 19/29
 13724 | D:12     | Killed a two-headed ogre
 13850 | D:12     | Demolished by a titanic slime creature

Illustrated notes

Levels and vault maps discovered:
D:1:      amcnicky_arrival_choice, layout_basic, minmay_tetromino_i2
D:2:      layout_loops_ring, grunt_ministairs_8,
          hangedman_abyss_or_decor_lesser_grid, hangedman_decor_lopped
D:3:      layout_basic, gup_sewer_entry_bubbles, grunt_ministairs_14,
          chequers_arboretum, kennysheep_nub
D:4:      layout_rooms, nicolae_vehumet_altar_sigil
D:5:      layout_rooms, mainiacjoe_overflow_paths,
          nicolae_overflow_crystal_walls, minmay_temple_entry_large_hall,
          serial_shops, nicolae_shop_hallway_stairs, moated_statue, uniq_sigmund
D:6:      layout_loops_cross
D:7:      layout_cave_pods, nemelex_diamond_rough_becter, grunt_decor_clamped,
          kennysheep_generic_room_4
D:8:      layout_basic, nicolae_hepliaklqana_hazy_memory, hangedman_ranch,
          uniq_amaemon
D:9:      layout_roguey [special_room_orc], mainiacjoe_overflow_catwalk,
          minmay_orc_entry_temple_small, serial_glass, glass_columns_a,
          glass_columns_a, glass_columns_b, glass_columns_a, glass_columns_b,
          glass_columns_a, glass_columns_a, glass_columns_a,
          statue_in_the_mist_lemuel, the_hattery
D:10:     layout_long_grid
D:11:     layout_stronghold, st_stairs_9
D:12:     layout_loops_corners
Temple:   nicolae_temple_superstar
Orc:1:    layout_caves, basic_altar, nicolae_orc_bridge_out

Skill      XL: |  1  2  3  4  5  6  7  8  9 10 11 |
---------------+----------------------------------+-----
Summonings     | 5 6 7 8 9 11 13 15 | 15.7
Spellcasting   | 3 4 5 6 8 9 11 13 | 13.3
Fighting       | 1 2 3 4 |  4.1
Dodging        | 3 4 |  4.4
Stealth        | |  1.7

Action                     |  1- 3 |  4- 6 |  7- 9 | 10-12 || total
---------------------------+-------+-------+-------+-------++-------
  Melee: Short sword       |    72 |    21 |       |       ||    93
         Unarmed           |     3 |       |       |       ||     3
         Long sword        |       |    18 |    75 |       ||    93
         Punch             |       |     1 |     1 |       ||     2
         Whip              |       |       |    12 |    50 ||    62
   Cast: Summon Small Mamm |    15 |     8 |     1 |       ||    24
         Call Imp          |    21 |    21 |    19 |    10 ||    71
         Call Canine Famil |       |    16 |    53 |    24 ||    93
         Summon Guardian G |       |     5 |     5 |    34 ||    44
         Summon Lightning  |       |       |     4 |    23 ||    27
         Summon Hydra      |       |       |       |    35 ||    35
Ability: Hop               |     1 |     1 |     1 |     4 ||     7
    Use: Scroll            |       |    10 |     4 |     5 ||    19
         Potion            |       |       |       |     6 ||     6
   Stab: Sleeping          |     1 |     1 |       |       ||     2
         Distracted        |       |     1 |     4 |     3 ||     8
 Armour: Robe              |     8 |     3 |    16 |    12 ||    39
  Dodge: Dodged            |    55 |    29 |    69 |    73 ||   226

Table legend: (Time is in decaauts)
 A = Elapsed time spent in this place.
 B = Non-inter-level travel time spent in this place.
 C = Inter-level travel time spent in this place.
 D = Time resting spent in this place.
 E = Time spent auto-exploring this place.
 F = Levels seen in this place.
 G = Mean time per level.
                   A        B        C        D        E       F      G
               +--------+--------+--------+--------+--------+-----+--------+
         Total |  15507 |  14099 |   1408 |    126 |  11000 |  14 | 1107.6 |
       Dungeon |  15392 |  13996 |   1396 |    126 |  10917 |  12 | 1282.7 |
        Temple |    113 |    101 |     12 |      0 |     82 |   1 |  113.0 |
  Orcish Mines |      1 |      1 |      0 |      0 |      0 |   1 |    1.0 |
               +--------+--------+--------+--------+--------+-----+--------+

Top non-repeatable levels by time:
     D:9: 1830 daAuts
     D:8: 1703 daAuts
     D:7: 1585 daAuts
     D:6: 1499 daAuts
     D:1: 1447 daAuts
    D:11: 1416 daAuts
     D:4: 1251 daAuts
     D:2: 1192 daAuts
     D:5: 1192 daAuts
    D:10: 991 daAuts
     D:3: 897 daAuts
    D:12: 383 daAuts
  Temple: 113 daAuts
   Orc:1: 1 daAuts
